 Dungeon Crawl Stone Soup version 0.17-a0-877-ga10078a (webtiles) character file.

37 inmateoo the Chiller (level 3, -5/24 HPs)
             Began as a Demonspawn Ice Elementalist on May 1, 2015.
             Slain by a worm (10 damage)
             ... on level 2 of the Dungeon.
             The game lasted 00:02:12 (1110 turns).

inmateoo the Chiller (Demonspawn Ice Elementalist)  Turns: 1110, Time: 00:02:12

Health: -5/24      AC:  6    Str:  8    XL:     3   Next: 21%
Magic:  1/6        EV: 11    Int: 17    God:
Gold:   103        SH:  0    Dex: 13    Spells: 2 memorised, 3 levels left

rFire  . . .     SeeInvis .     (no weapon)
rCold  . . .     Clarity  .     a - +0 robe
rNeg   . . .     SustAb   .     (no shield)
rPois  .         Gourm    +     (no helmet)
rElec  .         Spirit   .     (no cloak)
rCorr  .         Warding  .     h - +0 pair of gloves
rMut   .         Stasis   .     (no boots)
MR     .....                    g - amulet of the gourmand
Stlth  ++........               (no ring)
                                (no ring)

@: very slightly contaminated, not resistant to hostile enchantments, unstealthy
A: icy blue scales 2
a: no special abilities


You were on level 2 of the Dungeon.
You were very hungry.

You visited 1 branch of the dungeon, and saw 2 of its levels.

You collected 103 gold pieces.

Inventory:

Armour
 a - a +0 robe (worn)
 h - a +0 pair of gloves (worn)
 j - a cursed +0 ring mail
Jewellery
 g - an amulet of the gourmand (around neck)
Scrolls
 d - 3 scrolls of identify {unknown}
 e - 2 scrolls of recharging {unknown}
 i - a scroll of remove curse {unknown}
 l - a scroll of enchant armour {unknown}
 m - a scroll of enchant weapon {unknown}
 n - a scroll of immolation {unknown}
Potions
 f - a potion of degeneration {unknown}
 o - a potion of haste {unknown}
Books
 b - a book of Frost

   Spells                             Type                      Level
   a - Freeze                         Ice                          1
   b - Throw Frost                    Conjuration/Ice              2
   c - Ozocubu's Armour               Charms/Ice                   3
   d - Throw Icicle                   Conjuration/Ice              4
   e - Summon Ice Beast               Ice/Summoning                4
   f - Condensation Shield            Ice                          4
Comestibles
 c - a bread ration
 k - 2 beef jerkies


   Skills:
 + Level 0.2 Fighting
 + Level 2.2 Dodging
 - Level 1.7 Stealth
 + Level 2.2 Spellcasting
 - Level 1.0 Conjurations
 * Level 3.4 Ice Magic


You had 3 spell levels left.
You knew the following spells:

 Your Spells              Type           Power        Failure   Level  Hunger
a - Freeze                Ice            ##..         4%          1    #......
b - Throw Frost           Conj/Ice       #.....       14%         2    ###....


Dungeon Overview and Level Annotations

Branches:
Dungeon (2/15)

Altars:


Innate Abilities, Weirdness & Mutations

You are mostly covered in icy blue scales (AC +3, EV -1).


Message History

Press: ? - help, Shift-Dir - straight line, f/p - worm
Aim: a worm (moderately wounded)
You freeze the worm.
The worm is heavily wounded.
Casting: Freeze
Confirm with . or Enter, or press ? or * to list all spells.
Aiming: Freeze
Press: ? - help, Shift-Dir - straight line, f/p - worm
Aim: a worm (heavily wounded)
You freeze the worm.
The worm is almost dead.
The worm bites you!
* * * LOW HITPOINT WARNING * * *
Casting: Freeze
Confirm with . or Enter, or press ? or * to list all spells.
Aiming: Freeze
Press: ? - help, Shift-Dir - straight line, f/p - worm
Aim: a worm (almost dead)
You miscast Freeze.
You shiver with cold.
The worm bites you!
You die...

#.......#####
.......##.##.#
########.##.# ..#..#
##.#.## #...# ####
#####..###...
#####.#######...........#
.......w@................
###########..............
#..............
#..............
#..............
#..............
#..............
##.............
##.....#.....#


You could see a worm.

Vanquished Creatures
  2 oozes
  A worm (D:2)
  A giant gecko (D:1)
  6 bats
  2 giant cockroaches
  A goblin (D:2)
  3 hobgoblins (D:1)
  3 giant newts
  3 kobolds (D:1)
  6 rats
28 creatures vanquished.

Notes
Turn   | Place    | Note
--------------------------------------------------------------
     0 | D:1      | inmateoo, the Demonspawn Ice Elementalist, began the quest for the Orb.
     0 | D:1      | Reached XP level 1. HP: 13/13 MP: 3/3
    56 | D:1      | Reached skill level 3 in Ice Magic
    58 | D:1      | Gained mutation: You are partially covered in icy blue scales (AC +1). [demonic ancestry]
    58 | D:1      | Reached XP level 2. HP: 14/19 MP: 0/5
   908 | D:2      | Learned a level 2 spell: Throw Frost
   977 | D:2      | Gained mutation: You are mostly covered in icy blue scales (AC +3, EV -1). [demonic ancestry]
   977 | D:2      | Reached XP level 3. HP: 24/24 MP: 2/6
  1110 | D:2      | Slain by a worm

Action                   || total
-------------------------++-------
Melee: Unarmed           ||    19
 Cast: Freeze            ||    47
